 Dungeon Crawl Stone Soup version 0.32-a0-732-ga344392067 (webtiles) character file.

Game seed: 1279372053449643939

56 NotBatman the Covered (level 3, -12/33 HPs)
             Began as a Mountain Dwarf Fighter on Mar 16, 2024.
             Killed from afar by Ijyb (13 damage)
             ... with a bolt of dispelling energy
             ... on level 3 of the Dungeon.
             The game lasted 00:16:58 (2396 turns).

NotBatman the Covered (Mountain Dwarf Fighter)      Turns: 2396, Time: 00:16:58

Health: -12/33     AC:  9    Str: 20    XL:     3   Next: 71%
Magic:  3/3        EV:  8    Int:  8    God:
Gold:   148        SH:  4    Dex:  9    Spells: 2/2 levels left

rFire   x . .        a - +0 trident
rCold   + . .        c - +0 buckler
rNeg    . . .        b - +1 scale mail
rPois   .            (no helmet)
rElec   .            (no cloak)
rCorr   .            (no gloves)
SInv    .            e - +0 pair of boots
Will    .....        (no amulet) Stlth
                     m - ring of ice
HPRegen 0.25/turn    (no ring)
MPRegen 0.08/turn

%: no passive effects
@: no status effects
A: runic magic, artefact enchanting
a: no special abilities


You were on level 3 of the Dungeon.
You visited 1 branch of the dungeon, and saw 3 of its levels.

You collected 148 gold pieces.

Inventory:

Hand Weapons
 a - a +0 trident (weapon)
Missiles
 f - a throwing net (quivered)
Armour
 b - a +1 scale mail (worn)
 c - a +0 buckler (worn)
 e - a +0 pair of boots (worn)
 i - a +0 ring mail
Magical Staves
 q - a staff of death
Jewellery
 g - a ring of flight
 m - a ring of ice (left hand)
Scrolls
 h - a scroll of noise
 k - a scroll of vulnerability
 l - a scroll of identify
 o - a scroll of summoning {unknown}
 p - 2 scrolls of teleportation
 r - a scroll of brand weapon {unknown}
Potions
 d - a potion of might
 j - a potion of enlightenment {unknown}
 n - a potion of curing {unknown}


   Skills:
 + Level 3.8 Fighting
 + Level 2.5 Polearms
 + Level 3.8 Armour
 + Level 0.7 Dodging
 + Level 0.2 Stealth
 + Level 3.6 Shields


You had 2 spell levels left.
You didn't know any spells.
Your spell library contained the following spells:

 Spells                   Type           Power      Damage    Failure   Level
 Cigotuvi's Dreadful Rot  Necr/Alch/Air  0%         N/A       71%         2
 Mercury Vapours          Alch/Air       0%         N/A       71%         2
 Static Discharge         Conj/Air       0%         3-3/arc   71%         2
 Mephitic Cloud           Conj/Alch/Air  0%         N/A       91%         3
 Passwall                 Erth           0%         N/A       91%         3
 Sigil of Binding         Hex            0%         N/A       91%         3
 Volatile Blastmotes      Fire/Tloc      0%         2d10      91%         3
 Airstrike                Air            0%         2d(0-16)  100%        4
 Ignite Poison            Fire/Alch      0%         N/A       100%        4
 Summon Lightning Spire   Summ/Air       0%         N/A       100%        4
 Freezing Cloud           Conj/Ice/Air   0%         6-21      100%        5
 Bombard                  Conj/Erth      0%         9d1       100%        6
 Death Channel            Necr           0%         N/A       100%        6
 Sculpt Simulacrum        Ice/Alch       0%         N/A       100%        6


Dungeon Overview and Level Annotations

Branches:
Dungeon (3/15)

Altars:

Shops:
D:1 :

Annotations:
D:3 Ijyb


Innate Abilities, Weirdness & Mutations

Your spellcasting is much less encumbered by armour.
You can use scrolls of enchantment on lesser artefacts.


Message History

Things that are here:
a +0 short sword; a stone; a kobold corpse
There is an escape hatch in the floor here.
You now have 148 gold pieces (gained 8).
There is a stone staircase leading up here.
A rat comes into view.
The rat squeaks loudly.
The rat bites you but does no damage.
You hit the rat but do no damage. You block the rat's attack.
You closely miss the rat. The rat bites you but does no damage.
You puncture the rat!
You kill the rat!
You see here a rat corpse.
Found a stone staircase leading down.
A frilled lizard comes into view.
The frilled lizard hisses angrily.
You hear a shout!
You hit the frilled lizard.
You kill the frilled lizard!
You see here a frilled lizard corpse.
Ijyb the Inquisitive comes into view.
She is wielding a +0 club and carrying a wand of quicksilver.
Ijyb zaps a wand.
The bolt of dispelling energy hits you!
Ijyb zaps a wand.
The bolt of dispelling energy hits you.
Ijyb screams, "Time for continue experiment!"
Ijyb hits you but does no damage.
You hit Ijyb but do no damage.
Ijyb zaps a wand.
The bolt of dispelling energy hits you!
* * * LOW HITPOINT WARNING * * *
Ijyb hits you with a +0 club.
* * * LOW HITPOINT WARNING * * *
You see here a frilled lizard corpse.
Ijyb closely misses you. Ijyb barely misses you.
You puncture Ijyb!
Ijyb is moderately wounded.
You block Ijyb's attack.
Ijyb zaps a wand.
The bolt of dispelling energy hits you!
* * * LOW HITPOINT WARNING * * *
Ijyb zaps a wand.
The bolt of dispelling energy hits you!
You die...
Ijyb moans, "Good help so hard to find!"

#...<.......##.#
#.#########.##.#
#. #.##.# #.
#.##.# #. #.##.#
#.##.# ..##.#
>######.######
.......@.....#
...####.####.#
#.g..# ####.#
..# .... .#####
#. #


You could see Ijyb.

Vanquished Creatures
  2 adders (D:2)
  2 dart slugs (D:2)
  A ribbon worm (D:2)
  3 endoplasms (D:2)
  3 giant cockroaches
  3 goblins (D:2)
  2 hobgoblins
  8 kobolds
  2 quokkas
  3 ball pythons (D:2)
  A bat (D:2)
  A frilled lizard (D:3)
  2 rats
33 creatures vanquished.

Notes
Turn   | Place    | Note
-------+----------+-------------------------------------------
     0 | D:1      | NotBatman the Mountain Dwarf Fighter began the quest for
                  | the Orb.
     0 | D:1      | Reached XP level 1. HP: 19/19 MP: 1/1
   177 | D:1      | Found Uheheire's Book Shoppe.
  1206 | D:2      | Reached XP level 2. HP: 21/26 MP: 2/2
  1478 | D:2      | Reached XP level 3. HP: 33/33 MP: 3/3
  2384 | D:3      | Noticed Ijyb
  2395 | D:3      | HP: 1/33 [Ijyb/bolt of dispelling energy (7)]
  2396 | D:3      | Killed from afar by Ijyb

Illustrated notes

Levels and vault maps discovered:
D:1:      saegor_arrival_under_anarchy, layout_basic, serial_shops,
          nicolae_square_shop
D:2:      layout_loops_ring, minmay_randomly_rotated_circles
D:3:      layout_basic, basic_ecumenical_altar, gammafunk_ghost_stat_death,
          uniq_ijyb, uniq_robin

Action                     || total
---------------------------++-------
  Melee: Trident           ||   114
  Throw: Throwing net      ||     1
    Use: Scroll            ||     5
 Armour: Scale mail        ||    94
  Dodge: Dodged            ||    49
  Block: Buckler           ||    30

Table legend: (Time is in decaauts)
 A = Elapsed time spent in this place.
 B = Non-inter-level travel time spent in this place.
 C = Inter-level travel time spent in this place.
 D = Time resting spent in this place.
 E = Time spent auto-exploring this place.
 F = Levels seen in this place.
 G = Mean time per level.
                   A        B        C        D        E       F      G
               +--------+--------+--------+--------+--------+-----+--------+
         Total |   2422 |   2376 |     46 |      0 |    486 |   3 |  807.3 |
       Dungeon |   2422 |   2376 |     46 |      0 |    486 |   3 |  807.3 |
               +--------+--------+--------+--------+--------+-----+--------+

Top non-repeatable levels by time:
     D:1: 1217 daAuts
     D:2: 1132 daAuts
     D:3: 73 daAuts
